 Dungeon Crawl Stone Soup version 0.18-a0-721-g8fc53f4 (console) character file.

111 bli the Gusty (level 4, 0/29 HPs)
             Began as a High Elf Air Elementalist on Dec 8, 2015.
             Was an Initiate of Ru.
             Killed from afar by cireshan's ghost (8 damage)
             ... with a magic dart
             ... on level 3 of the Dungeon.
             The game lasted 00:07:55 (1593 turns).

bli the Gusty (High Elf Air Elementalist)           Turns: 1593, Time: 00:07:55

Health: 0/29       AC:  3    Str:  7    XL:     4   Next: 62%
Magic:  9/10       EV: 13    Int: 19    God:    Ru [......]
Gold:   106        SH:  0    Dex: 16    Spells: 2 memorised, 6 levels left

rFire  . . .     SeeInvis .     a - +1 dagger (flame)
rCold  . . .     Clarity  .     e - +0 robe
rNeg   . . .     SustAt   .     (no shield)
rPois  .         Gourm    .     (no helmet)
rElec  .         Spirit   .     (no cloak)
rCorr  .         Dismiss  .     (no gloves)
rMut   .         Stasis   .     o - +0 pair of boots
MR     .....                    (no amulet)
Stlth  ++........               (no ring)
                                (no ring)

@: not resistant to hostile enchantments, unstealthy
A: no striking features
a: Renounce Religion


You were on level 3 of the Dungeon.
You worshipped Ru.
Ru was noncommittal.
You were not hungry.

You visited 1 branch of the dungeon, and saw 3 of its levels.

You collected 106 gold pieces.

Inventory:

Hand Weapons
 a - a +1 dagger of flaming (weapon)
 b - a +1 dagger of speed
Missiles
 i - 64 stones (quivered)
Armour
 e - a +0 robe (worn)
 n - a +2 scale mail of fire resistance
 o - a +0 pair of boots (worn)
Wands
 p - a wand of slowing (27)
Scrolls
 f - a scroll of amnesia {unknown}
 l - 3 scrolls of identify {unknown}
 m - a scroll of fog {unknown}
 q - a scroll of teleportation {unknown}
 s - 2 scrolls of random uselessness {unknown}
 t - a scroll of immolation {unknown}
 v - a scroll of enchant armour {unknown}
Potions
 d - a potion of haste {unknown}
 h - 2 potions of might {unknown}
 j - a potion of brilliance {unknown}
 k - a potion of mutation {unknown}
 u - a potion of heal wounds {unknown}
Books
 g - a book of Air

   Spells                             Type                      Level
   a - Shock                          Conjuration/Air              1
   b - Swiftness                      Charms/Air                   2
   c - Repel Missiles                 Charms/Air                   2
   d - Static Discharge               Conjuration/Air              3
   e - Lightning Bolt                 Conjuration/Air              5
Comestibles
 c - 4 bread rations
 r - a meat ration
 w - 2 chunks of flesh


   Skills:
 * Level 1.8 Fighting
 + Level 2.6 Dodging
 + Level 2.4 Stealth
 * Level 3.3 Spellcasting
 + Level 1.5 Conjurations
 + Level 4.7 Air Magic


You had 6 spell levels left.
You knew the following spells:

 Your Spells              Type           Power        Failure   Level  Hunger
a - Shock                 Conj/Air       ###.         4%          1    None
R - Repel Missiles        Chrm/Air       ##....       10%         2    ##.....


Dungeon Overview and Level Annotations

Branches:
Dungeon (3/15)

Altars:
Ru

Annotations:
D:3 Grinder; cireshan's ghost, amateur DECj


Message History

You hit cireshan's ghost. You burn cireshan's ghost.
Cireshan's ghost is moderately damaged.
Cireshan's ghost hits you.
You barely miss cireshan's ghost.
Cireshan's ghost is moderately damaged.
Cireshan's ghost hits you.
You hit cireshan's ghost. You burn cireshan's ghost.
Cireshan's ghost is heavily damaged.
Cireshan's ghost gestures at you while chanting.
The magic dart hits you!
* * * LOW HITPOINT WARNING * * *
Casting: Shock
Confirm with . or Enter, or press ? or * to list all spells.
Aiming: Shock
Press: ? - help, Shift-Dir - straight line, f - cireshan's ghost
Aim: cireshan's ghost (heavily damaged)
The zap misses cireshan's ghost.
Cireshan's ghost gestures at you while chanting.
The magic dart hits you!
You die...

.....###.....##.#.#
.........###.##.#.#
#.##..>.........#.#
#########.####.# #.#
#.# ### #.# #.# #.#
#.# #.# #
##.#.##.####.#
.###.####.###........#
......W....#.##.######
##.###@###.###<# #.#
### #.# #.# #.#
#5...........#
##############


You could see cireshan's ghost.

Vanquished Creatures
  An orc priest (D:3)
  Terence (D:2)
  4 orcs (D:3)
  2 giant cockroaches
  5 goblins
  9 hobgoblins
  8 jackals
  A quokka (D:2)
  6 bats
  5 giant newts
  4 kobolds
  4 rats (D:1)
50 creatures vanquished.

Notes
Turn   | Place    | Note
--------------------------------------------------------------
     0 | D:1      | bli the High Elf Air Elementalist began the quest for the Orb.
     0 | D:1      | Reached XP level 1. HP: 11/11 MP: 4/4
   147 | D:1      | Reached XP level 2. HP: 13/18 MP: 2/6
   362 | D:1      | Reached skill level 4 in Air Magic
   447 | D:1      | Reached skill level 1 in Fighting
   747 | D:2      | Noticed Terence
   769 | D:2      | Killed Terence
   769 | D:2      | Reached XP level 3. HP: 10/23 MP: 1/8
  1021 | D:2      | Found a sacrificial altar of Ru.
  1033 | D:2      | Became a worshipper of Ru the Awakened
  1168 | D:2      | Learned a level 2 spell: Repel Missiles
  1359 | D:3      | Reached XP level 4. HP: 28/28 MP: 3/9
  1565 | D:3      | Noticed Grinder
  1587 | D:3      | Noticed cireshan's ghost (amateur DECj)
  1593 | D:3      | Killed from afar by cireshan's ghost

Vault maps used:
D:1:      dpeg_arrival_erosion, serial_bayou_lagoon_b
D:2:      nicolae_ru_awakened_eye, uniq_terence
D:3:      first_bread, supply_closet_lemuel, uniq_grinder

Action                   |  1- 3 |  4- 6 || total
-------------------------+-------+-------++-------
Melee: Dagger            |    42 |     9 ||    51
 Cast: Shock             |    71 |    16 ||    87
 Stab: Sleeping          |     1 |       ||     1
  Eat: Chunk             |     1 |     1 ||     2
